ITL
WISCONSIN TIMBER RATTLERS @ INDIANA HOUNDS
07/29/2027
 
TOP OF THE 1ST
Wisconsin Timber Rattlers batting - Pitching for Indiana Hounds : RHP Rob Hill
Pitching: RHP Rob Hill
Batting: RHB Eric Thompson 0-0: Called Strike
0-1: Foul Ball, location: 2F
0-2: Foul Ball, location: 2F
0-2: Foul Ball, location: 2F
0-2: SINGLE (Groundball, 6M) (infield hit)
Batting: RHB Greg King 0-0: Foul Ball, location: 2F
0-1: Called Strike
0-2: Strikes out swinging
Batting: RHB Dick Slagboom 0-0: Ball
Eric Thompson steals 2nd base
1-0: Called Strike
1-1: Ball
2-1: Ball
3-1: Swinging Strike
3-2: Strikes out swinging
Batting: RHB John Denton 0-0: Called Strike
0-1: Called Strike
0-2: Ball
1-2: SINGLE (Groundball, 3D)
Eric Thompson to third
Runner from 3rd tries for Home, SAFE, no throw
Batting: LHB Alex Henderson 0-0: Called Strike
0-1: Ball
1-1: Foul Ball, location: 2F
1-2: Fielders Choice at 2nd, 4-6 (Groundball, 34)
Top of the 1st over - 1 run(s), 2 hit(s), 0 error(s), 0 left on base; Wisconsin 1 - Indiana 0
BOTTOM OF THE 1ST
Indiana Hounds batting - Pitching for Wisconsin Timber Rattlers : RHP Guy Hebert
Pitching: RHP Guy Hebert
Batting: LHB David Cháves 0-0: Called Strike
0-1: Ball
1-1: Ball
2-1: Called Strike
2-2: Ball
3-2: Strikes out swinging
Batting: SHB Charles Alexander 0-0: Fly out, F6 (Popup, 56D)
Batting: RHB Vicente Valentín 0-0: Swinging Strike
0-1: Foul Ball, location: 2F
0-2: Strikes out swinging
Bottom of the 1st over - 0 run(s), 0 hit(s), 0 error(s), 0 left on base; Wisconsin 1 - Indiana 0
TOP OF THE 2ND
Wisconsin Timber Rattlers batting - Pitching for Indiana Hounds : RHP Rob Hill
Batting: RHB Shawn Marshall 0-0: Swinging Strike
0-1: Swinging Strike
0-2: Fly out, F4 (Line Drive, 4)
Batting: RHB Danny Campbell 0-0: Ball
1-0: Ball
2-0: SINGLE (Groundball, 34D)
Batting: RHB Pablo Gonzáles 0-0: Ball
1-0: Fly out, F8 (Flyball, 8LXD)
Batting: RHB Hunter Plunket 0-0: Ball
1-0: Foul Ball, location: 2F
1-1: Ball
Danny Campbell steals 2nd base
2-1: Foul Ball, location: 2F
2-2: Ball
3-2: SINGLE (Groundball, 4MD)
Danny Campbell to third
Danny Campbell scores
Batting: RHB Eric Thompson 0-0: Ball
1-0: Ball
Hunter Plunket steals 2nd base
2-0: Fly out, F6 (Line Drive, 6)
Top of the 2nd over - 1 run(s), 2 hit(s), 0 error(s), 1 left on base; Wisconsin 2 - Indiana 0
BOTTOM OF THE 2ND
Indiana Hounds batting - Pitching for Wisconsin Timber Rattlers : RHP Guy Hebert
Batting: LHB Dave Helásquez 0-0: Foul Ball, location: 2F
0-1: Ball
1-1: SINGLE (Groundball, 6MD)
Batting: RHB Domingo Romero 0-0: Fielders Choice at 2nd, 5-4 (Groundball, 56)
Batting: LHB Denny Poole 0-0: Ball
1-0: Ball
2-0: Ball
3-0: Base on Balls
Domingo Romero to second
Batting: RHB Juan Brito 0-0: Foul Ball, location: 2F
0-1: Foul Ball, location: 2F
0-2: Strikes out swinging
Batting: LHB Dave Watson 0-0: Ball
1-0: Called Strike
1-1: Foul Ball, location: 2F
1-2: Foul Ball, location: 2F
1-2: Ball
2-2: Ground out 4-3 (Groundball, 4M)
Bottom of the 2nd over - 0 run(s), 1 hit(s), 0 error(s), 2 left on base; Wisconsin 2 - Indiana 0
TOP OF THE 3RD
Wisconsin Timber Rattlers batting - Pitching for Indiana Hounds : RHP Rob Hill
Batting: RHB Greg King 0-0: Ball
1-0: Ground out 4-3 (Groundball, 4)
Batting: RHB Dick Slagboom 0-0: Ball
1-0: Ground out 6-3 (Groundball, 6)
Batting: RHB John Denton 0-0: Ball
1-0: Ball
2-0: Ball
3-0: Called Strike
3-1: Base on Balls
Batting: LHB Alex Henderson 0-0: Called Strike
0-1: Ground out 4-3 (Groundball, 4MS)
Top of the 3rd over - 0 run(s), 0 hit(s), 0 error(s), 1 left on base; Wisconsin 2 - Indiana 0
BOTTOM OF THE 3RD
Indiana Hounds batting - Pitching for Wisconsin Timber Rattlers : RHP Guy Hebert
Batting: RHB Doug Murray 0-0: Ball
1-0: Swinging Strike
1-1: Foul Ball, location: 2F
1-2: Ball
2-2: Strikes out swinging
Batting: LHB David Cháves 0-0: Called Strike
0-1: Swinging Strike
0-2: Ball
1-2: Ball
2-2: Foul Ball, location: 2F
2-2: Ball
3-2: Base on Balls
Batting: SHB Charles Alexander 0-0: Swinging Strike
0-1: Ball
1-1: Ball
2-1: Ball
3-1: Called Strike
3-2: Fly out, F9 (Flyball, 9LM)
Batting: RHB Vicente Valentín 0-0: Ball
1-0: Ball
2-0: Foul Ball, location: 2F
2-1: Called Strike
2-2: Strikes out looking
Bottom of the 3rd over - 0 run(s), 0 hit(s), 0 error(s), 1 left on base; Wisconsin 2 - Indiana 0
TOP OF THE 4TH
Wisconsin Timber Rattlers batting - Pitching for Indiana Hounds : RHP Rob Hill
Batting: RHB Shawn Marshall 0-0: Foul Ball, location: 2F
0-1: Ball
1-1: Swinging Strike
1-2: Foul Ball, location: 2F
1-2: Strikes out looking
Batting: RHB Danny Campbell 0-0: Ball
1-0: Called Strike
1-1: Called Strike
1-2: Ball
2-2: Ground out 6-3 (Groundball, 6)
Batting: RHB Pablo Gonzáles 0-0: Called Strike
0-1: Foul Ball, location: 2F
0-2: Ball
1-2: Ball
2-2: Ball
3-2: Foul Ball, location: 2F
3-2: Strikes out swinging
Top of the 4th over - 0 run(s), 0 hit(s), 0 error(s), 0 left on base; Wisconsin 2 - Indiana 0
BOTTOM OF THE 4TH
Indiana Hounds batting - Pitching for Wisconsin Timber Rattlers : RHP Guy Hebert
Batting: LHB Dave Helásquez 0-0: Ball
1-0: Called Strike
1-1: Ball
2-1: Foul Ball, location: 2F
2-2: Hit by Pitch
Batting: RHB Domingo Romero 0-0: Ball
1-0: Called Strike
1-1: Ball
2-1: Ball
3-1: 2-RUN HOME RUN (Flyball, 8LXD), Distance : 395 ft
Batting: LHB Denny Poole 0-0: Ball
1-0: Ball
2-0: Called Strike
2-1: SOLO HOME RUN (Flyball, 9D), Distance : 375 ft
Batting: RHB Juan Brito 0-0: Swinging Strike
0-1: Ball
1-1: SOLO HOME RUN (Flyball, 78XD), Distance : 400 ft
Batting: LHB Dave Watson 0-0: Foul Ball, location: 2F
0-1: SINGLE (Line Drive, 34D)
Batting: RHB Doug Murray 0-0: Ball
1-0: Ball
2-0: Fly out, F9 (Flyball, 9S)
Batting: LHB David Cháves 0-0: 2-RUN HOME RUN (Line Drive, 89XD), Distance : 396 ft
Batting: SHB Charles Alexander 0-0: Ball
1-0: Ground out 6-3 (Groundball, 56)
Batting: RHB Vicente Valentín 0-0: Ball
1-0: Ball
2-0: Foul Ball, location: 2F
2-1: Fly out, F7 (Flyball, 7)
Bottom of the 4th over - 6 run(s), 5 hit(s), 0 error(s), 0 left on base; Wisconsin 2 - Indiana 6
TOP OF THE 5TH
Wisconsin Timber Rattlers batting - Pitching for Indiana Hounds : RHP Rob Hill
Batting: RHB Hunter Plunket 0-0: Ball
1-0: Called Strike
1-1: Ball
2-1: SINGLE (Groundball, 6MD)
Batting: RHB Eric Thompson 0-0: Called Strike
0-1: Called Strike
0-2: Foul Ball, location: 2F
0-2: Ball
1-2: SINGLE (Line Drive, 34)
Hunter Plunket to second
Batting: RHB Greg King 0-0: Called Strike
0-1: Ball
1-1: Foul Ball, location: 2F
1-2: Ball
2-2: Grounds into double play, 6-4-3 (Groundball, 6)
Hunter Plunket to third
Batting: RHB Dick Slagboom 0-0: Ball
1-0: Ball
2-0: Called Strike
2-1: Foul Ball, location: 2F
2-2: Ball
3-2: Base on Balls
Batting: RHB John Denton 0-0: Ball
1-0: DOUBLE (Line Drive, 9LD)
Hunter Plunket scores
Dick Slagboom to third
Batting: LHB Alex Henderson 0-0: Ball
1-0: Called Strike
1-1: Ball
2-1: Ground out U3 (Groundball, 3L)
Top of the 5th over - 1 run(s), 3 hit(s), 0 error(s), 2 left on base; Wisconsin 3 - Indiana 6
BOTTOM OF THE 5TH
Indiana Hounds batting - Pitching for Wisconsin Timber Rattlers : RHP Guy Hebert
Pitching: RHP Andy Parker
Batting: LHB Dave Helásquez 0-0: Ball
1-0: Ball
2-0: Hit by Pitch
Batting: RHB Domingo Romero 0-0: Called Strike
0-1: Ball
1-1: Swinging Strike
1-2: Strikes out swinging
Batting: LHB Denny Poole 0-0: Called Strike
0-1: Ball
1-1: Fly out, F9 (Flyball, 9S)
Batting: RHB Juan Brito 0-0: Fly out, F9 (Line Drive, 9S)
Bottom of the 5th over - 0 run(s), 0 hit(s), 0 error(s), 1 left on base; Wisconsin 3 - Indiana 6
TOP OF THE 6TH
Wisconsin Timber Rattlers batting - Pitching for Indiana Hounds : RHP Rob Hill
Pitching: RHP Rob Fields
Batting: RHB Shawn Marshall 0-0: Swinging Strike
0-1: Ball
1-1: Ball
2-1: Foul Ball, location: 2F
2-2: Ball
3-2: Ground out 4-3 (Groundball, 4)
Batting: RHB Danny Campbell 0-0: Called Strike
0-1: Ball
1-1: Ball
2-1: SINGLE (Line Drive, 8LS)
Batting: RHB Pablo Gonzáles 0-0: Called Strike
0-1: Grounds into double play, 4-6-3 (Groundball, 4)
Top of the 6th over - 0 run(s), 1 hit(s), 0 error(s), 0 left on base; Wisconsin 3 - Indiana 6
BOTTOM OF THE 6TH
Indiana Hounds batting - Pitching for Wisconsin Timber Rattlers : RHP Andy Parker
Batting: LHB Dave Watson 0-0: Foul Ball, location: 2F
0-1: SINGLE (Groundball, 4D)
Batting: RHB Doug Murray 0-0: Ball
1-0: Ball
2-0: Ball
3-0: Base on Balls
Dave Watson to second
Batting: LHB David Cháves 0-0: Called Strike
0-1: Called Strike
0-2: Ball
1-2: Ball
2-2: Fly out, F3 (Popup, 3S)
Batting: SHB Charles Alexander 0-0: Foul Ball, location: 2F
0-1: Ball
1-1: Ball
2-1: Ball
3-1: Foul Ball, location: 2F
3-2: Base on Balls
Dave Watson to third
Doug Murray to second
Batting: RHB Vicente Valentín 0-0: Foul Ball, location: 2F
0-1: Reached on error, E6 (Groundball, 56)
Dave Watson scores
Doug Murray to third
Charles Alexander to second
Batting: LHB Dave Helásquez 0-0: Foul Ball, location: 2F
0-1: Ball
1-1: Grounds into double play, 4-6-3 (Groundball, 4)
Bottom of the 6th over - 1 run(s), 1 hit(s), 1 error(s), 2 left on base; Wisconsin 3 - Indiana 7
TOP OF THE 7TH
Wisconsin Timber Rattlers batting - Pitching for Indiana Hounds : RHP Rob Fields
Batting: RHB Hunter Plunket 0-0: Ground out 6-3 (Groundball, 6)
Batting: RHB Eric Thompson 0-0: Called Strike
0-1: Ground out 5-3 (Groundball, 56S)
Batting: RHB Greg King 0-0: Ball
1-0: Foul Ball, location: 2F
1-1: Ball
2-1: Ground out 5-3 (Groundball, 56S)
Top of the 7th over - 0 run(s), 0 hit(s), 0 error(s), 0 left on base; Wisconsin 3 - Indiana 7
BOTTOM OF THE 7TH
Indiana Hounds batting - Pitching for Wisconsin Timber Rattlers : RHP Andy Parker
Batting: RHB Domingo Romero 0-0: Ball
1-0: Ball
2-0: Ground out 5-3 (Groundball, 5S)
Batting: LHB Denny Poole 0-0: Called Strike
0-1: Ball
1-1: Ball
2-1: Foul Ball, location: 2F
2-2: Ball
3-2: Fly out, F6 (Line Drive, 6)
Batting: RHB Juan Brito 0-0: Foul Ball, location: 2F
0-1: Ball
1-1: Called Strike
1-2: Foul Ball, location: 2F
1-2: SINGLE (Line Drive, 34)
Batting: LHB Dave Watson 0-0: Foul Ball, location: 2F
0-1: Ball
1-1: Fielders Choice at 2nd, 4-6 (Groundball, 4)
Bottom of the 7th over - 0 run(s), 1 hit(s), 0 error(s), 0 left on base; Wisconsin 3 - Indiana 7
TOP OF THE 8TH
Wisconsin Timber Rattlers batting - Pitching for Indiana Hounds : RHP Rob Fields
Batting: RHB Dick Slagboom 0-0: Called Strike
0-1: Ball
1-1: Foul Ball, location: 2F
1-2: Foul Ball, location: 2F
1-2: Ball
2-2: Ball
3-2: Foul Ball, location: 2F
3-2: SINGLE (Flyball, 3D)
Batting: RHB John Denton 0-0: Fly out, F7 (Flyball, 7)
Batting: LHB Alex Henderson 0-0: Ball
1-0: Foul Ball, location: 2F
1-1: Foul Ball, location: 2F
1-2: Strikes out swinging
Batting: RHB Shawn Marshall 0-0: Ball
1-0: Foul Ball, location: 2F
1-1: Foul Ball, location: 2F
1-2: Fly out, F4 (Line Drive, 34)
Top of the 8th over - 0 run(s), 1 hit(s), 0 error(s), 1 left on base; Wisconsin 3 - Indiana 7
BOTTOM OF THE 8TH
Indiana Hounds batting - Pitching for Wisconsin Timber Rattlers : RHP Andy Parker
Batting: RHB Doug Murray 0-0: Ball
1-0: Ball
2-0: Foul Ball, location: 2F
2-1: Fly out, F6 (Popup, 56D)
Batting: LHB David Cháves 0-0: Called Strike
0-1: Ball
1-1: Ground out U3 (Groundball, 3)
Batting: SHB Charles Alexander 0-0: Fly out, F8 (Flyball, 8RD)
Bottom of the 8th over - 0 run(s), 0 hit(s), 0 error(s), 0 left on base; Wisconsin 3 - Indiana 7
TOP OF THE 9TH
Wisconsin Timber Rattlers batting - Pitching for Indiana Hounds : RHP Rob Fields
Pitching: LHP Pedro Torres
Batting: RHB Danny Campbell 0-0: Ball
1-0: Ground out 4-3 (Groundball, 4M)
Batting: RHB Pablo Gonzáles 0-0: Ball
1-0: Called Strike
1-1: Ball
2-1: Ball
3-1: Foul Ball, location: 2F
3-2: Strikes out swinging
Batting: RHB Hunter Plunket 0-0: Called Strike
0-1: Swinging Strike
0-2: Strikes out swinging
Top of the 9th over - 0 run(s), 0 hit(s), 0 error(s), 0 left on base; Wisconsin 3 - Indiana 7
Thursday, March 30th, 2017 - OOTP Baseball 17.12 Build 75